 Dungeon Crawl Stone Soup version 0.23.3-3-gaaff5abdbf (webtiles) character file.

Game seed: 6275598128848833498

11 MordorOrchid the Caller (level 2, -1/22 HPs)
             Began as a Minotaur Summoner on June 7, 2020.
             Slain by an orc priest
             ... wielding a +0 flail
              (2 damage)
             ... on level 2 of the Dungeon.
             The game lasted 00:02:46 (985 turns).

MordorOrchid the Caller (Minotaur Summoner)          Turns: 985, Time: 00:02:46

Health: -1/22      AC:  2    Str: 12    XL:     2   Next: 13%
Magic:  1/3        EV: 12    Int: 12    God:
Gold:   32         SH:  0    Dex: 10    Spells: 0/3 levels left

rFire    . . .     SeeInvis .   (no weapon)
rCold    . . .     Gourm    +   (no shield)
rNeg     . . .     Faith    .   a - +0 robe
rPois    .         Spirit   .   (helmet restricted)
rElec    .         Reflect  .   (no cloak)
rCorr    .         Harm     .   (no gloves)
MR       .....                  (no boots)
Stlth    ++........             d - amulet of the gourmand
HPRegen  0.07/turn              (no ring)
MPRegen  0.08/turn              (no ring)

@: no status effects
A: retaliatory headbutt, horns 2
a: no special abilities


You were on level 2 of the Dungeon.
You were full.

You visited 1 branch of the dungeon, and saw 2 of its levels.

You collected 32 gold pieces.

Inventory:

Missiles
 i - 2 tomahawks (quivered)
 n - 20 arrows
Armour
 a - a +0 robe (worn)
 g - a +0 ring mail
Jewellery
 d - an amulet of the gourmand (around neck)
Scrolls
 h - a scroll of enchant weapon
 j - a scroll of blinking {unknown}
 k - a scroll of remove curse {unknown}
 l - a scroll of teleportation {unknown}
 m - 2 scrolls of amnesia
Potions
 e - a potion of mutation
 f - a potion of cancellation
Comestibles
 c - 3 rations


   Skills:
 * Level 0.4 Fighting
 * Level 0.4 Armour
 * Level 2.3 Dodging
 - Level 1.5 Stealth
 * Level 0.4 Unarmed Combat
 * Level 1.4 Spellcasting
 + Level 3.1 Summonings


You couldn't memorise any spells.
You knew the following spells:

 Your Spells              Type           Power        Failure   Level  Hunger
a - Summon Small Mammal   Summ           #...         8%          1    ##.....
b - Call Imp              Summ           #.......     12%         2    ###....

Your spell library contained the following spells:

 Spells                   Type           Power        Failure   Level  Hunger
 Call Canine Familiar     Summ           #.......     24%         3    ####...
 Summon Guardian Golem    Hex/Summ       #.......     41%         3    ####...
 Summon Ice Beast         Ice/Summ       #.......     83%         4    #####..
 Summon Lightning Spire   Summ/Air       #.......     83%         4    #####..


Dungeon Overview and Level Annotations

Branches:
Dungeon (2/15)

Altars:


Innate Abilities, Weirdness & Mutations

You reflexively headbutt those who attack you in melee.
You have a pair of horns on your head.


Message History

The orc priest hits you but does no damage.
Your crimson imp hits the orc priest.
You hit the orc priest but do no damage.
The orc priest is moderately wounded.
The orc priest barely misses you.
Your crimson imp blinks!
You hit the orc priest.
You headbutt the orc priest, but do no damage.
The orc priest is heavily wounded.
The orc priest hits you with a +0 flail.
You hit the orc priest. You headbutt the orc priest.
The orc priest is severely wounded.
The orc priest hits you with a +0 flail!
* * * LOW HITPOINT WARNING * * *
You barely miss the orc priest. Your headbutt misses the orc priest.
The orc priest is severely wounded.
You hit the orc priest but do no damage.
The orc priest is severely wounded.
The orc priest hits you with a +0 flail.
You die...

#..........#
#..........#
#..........###
##............
#..........#
#.....5....#
#...).รท....#
#...o......#
#...@......#
##........##
##......##
########


You could see an orc priest and a friendly crimson imp.

Vanquished Creatures
  2 dart slugs (D:1)
  A bat (D:2)
  A giant cockroach (D:1)
  A rat (D:1)
5 creatures vanquished.

Vanquished Creatures (collateral kills)
  2 hobgoblins (D:1)
  A rat (D:1)
3 creatures vanquished.

Grand Total: 8 creatures vanquished

Notes
Turn   | Place    | Note
-------+----------+-------------------------------------------
     0 | D:1      | MordorOrchid the Minotaur Summoner began the quest for the
                  | Orb.
     0 | D:1      | Reached XP level 1. HP: 14/14 MP: 1/1
    60 | D:1      | Reached skill level 3 in Summonings
   461 | D:1      | Reached XP level 2. HP: 19/22 MP: 0/3
   468 | D:1      | Learned a level 2 spell: Call Imp
   983 | D:2      | HP: 1/22 [orc priest/+0 flail (7)]
   985 | D:2      | Slain by an orc priest

Skill      XL: |  1 |
---------------+----+-----
Summonings     | 3 |  3.1
Fighting       | |  0.4
Armour         | |  0.4
Dodging        | |  2.3
Stealth        | |  1.5
Unarmed Combat | |  0.4
Spellcasting   | |  1.4

Action                   || total
-------------------------++-------
Melee: Unarmed           ||    32
       Headbutt          ||     8
 Cast: Summon Small Mamm ||     4
       Call Imp          ||     2
  Use: Scroll            ||     4
 Stab: Sleeping          ||     3
       Distracted        ||     1
  Eat: Chunk             ||     8
Armor: Robe              ||     4
Dodge: Dodged            ||    15
